AoeStats
← Like_2_win2

Black Forest

510197139Analyzed
2v2 RM · 1d ago on Sep 29, 2026· 20m 25s· 4 players
Game mode
Random Map
Map size
Medium (4 player)
Population
200
Speed
Normal
Resources
Standard
Victory
Conquest
Starting age
Dark Age
Ending age
Imperial Age
RankedLock teamsTeams togetherTeam positionsShared explorationLock speedFull tech treeHidden civsTurbo modeCheats
Victory
Defeat
🇩🇰 Bohemians · Denmark
787
+15
🇺🇸 Vietnamese · United States
755
+16
🇷🇺 Cumans · Russia
807
-17
🇩🇪 Burmese · Germany
721
-20
Like_2_win2
0:33 Loom
12:48 Feudal Age
14:09 Wheelbarrow
13:26 Double-Bit Axe
13:27 Horse Collar
21:04 Castle Age
OhAirohh
2:27 Loom
14:47 Feudal Age
19:38 Castle Age
18:41 Fletching
19:48 Wheelbarrow
19:07 Double-Bit Axe
19:07 Horse Collar
20:14 Bodkin Arrow
Bot 1
0:27 Loom
13:14 Feudal Age
15:17 Wheelbarrow
14:29 Horse Collar
19:25 Castle Age
sssrwmi
0:28 Loom
16:23 Feudal Age
17:22 Double-Bit Axe
19:16 Fletching
Connection lost

Rejoining the realm…

Still unreachable

The connection could not be restored.

Session expired

The server has moved on; the page needs a fresh start.